 Dungeon Crawl Stone Soup version 0.29.0-7-g18a832c13a (webtiles) character file.

Game seed: 12958899133167913286

129687 ExZ the Warrior (level 17, -9/213 HPs)
             Began as a Merfolk Gladiator on Aug 29, 2022.
             Was the Champion of Makhleb.
             Mangled by a spriggan berserker
             ... wielding a +2 antimagic rapier
              (35 damage)
             ... on level 3 of the Swamp on Aug 30, 2022.
             The game lasted 01:15:35 (30302 turns).

ExZ the Warrior (Merfolk Gladiator)                Turns: 30302, Time: 01:15:35

Health: -9/213     AC: 22    Str: 25    XL:     17   Next: 6%
Magic:  23/23      EV: 12    Int: 11    God:    Makhleb [******]
Gold:   1973       SH: 29    Dex: 15    Spells: 16/16 levels left

rFire   . . .      SeeInvis .   b - +9 demon trident (drain)
rCold   + . .      Faith    .   U - +6 tower shield "Ryihegh" {-Tele rPois rN+ Stlth+}
rNeg    + . .      Spirit   .   D - +0 plate armour
rPois   +          Reflect  +   B - +2 helmet
rElec   .          Harm     .   k - scarf {+Inv}
rCorr   .          Rampage  .   (no gloves)
Will    ++++.      NoTele   +   W - +2 pair of boots of Wupeoz {rPois Will+++ Int+4 Dex-4}
Stlth   ..........              t - amulet of reflection
HPRegen 0.45/turn               s - +6 ring of strength
MPRegen 0.18/turn               u - ring of protection from cold

@: mighty, berserking, very quick
A: (nimble swimmer 2), mertail
a: Renounce Religion, Evoke Invisibility, Minor Destruction, Lesser Servant of
Makhleb, Major Destruction, Greater Servant of Makhleb


You were on level 3 of the Swamp.
You worshipped Makhleb.
Makhleb was exalted by your worship.
You visited 4 branches of the dungeon, and saw 25 of its levels.
You also visited: Gauntlet.

You collected 3242 gold pieces.
You spent 1269 gold pieces at shops.

Inventory:

Hand Weapons
 b - a +9 demon trident of draining (weapon)
Missiles
 d - 3 throwing nets (quivered)
 e - 6 javelins
 m - 5 atropa-tipped darts
 N - 10 silver javelins
Armour
 k - a scarf of invisibility (worn)
 B - a +2 helmet (worn)
 D - a +0 plate armour (worn)
 G - a +0 tower shield
 U - the +6 tower shield "Ryihegh" (worn) {-Tele rPois rN+ Stlth+}
   (You found it on level 13 of the Dungeon)

   rPois:     It protects you from poison.
   rN:        It protects you from negative energy.
   -Tele:     It prevents most forms of teleportation.
   Stlth:     It makes you more stealthy.
 W - the +2 pair of boots of Wupeoz (worn) {rPois Will+++ Int+4 Dex-4}
   (You acquired it on level 14 of the Dungeon)

   Int:       It affects your intelligence (+4).
   Dex:       It affects your dexterity (-4).
   rPois:     It protects you from poison.
   Will:      It greatly increases your willpower.
 Y - the +1 helmet of the Game Afoot {rPois rF- Will+++ Regen+}
   (You found it in a Gauntlet)

   rF:        It makes you vulnerable to fire.
   rPois:     It protects you from poison.
   Regen:     It increases your rate of health regeneration.
   Will:      It greatly increases your willpower.
Jewellery
 s - a +6 ring of strength (left hand)
 t - an amulet of reflection (around neck)
 u - a ring of protection from cold (right hand)
 C - a +4 ring of slaying
 J - a ring of resist corrosion
 S - a ring of protection from fire
Wands
 h - a wand of iceblast (9)
 p - a wand of digging (15)
 v - a wand of paralysis (22)
 I - a wand of flame (6)
 K - a wand of mindburst (7)
 R - a wand of quicksilver (18)
Scrolls
 a - a scroll of silence
 f - a scroll of blinking
 g - 11 scrolls of fear
 i - 4 scrolls of vulnerability
 n - 4 scrolls of enchant armour
 o - 13 scrolls of teleportation
 q - 10 scrolls of noise
 w - 2 scrolls of enchant weapon
 E - 3 scrolls of immolation
 L - a scroll of butterflies
 M - 3 scrolls of torment
 O - a scroll of brand weapon
 T - 3 scrolls of poison {unknown}
Potions
 j - 5 potions of mutation
 l - 3 potions of cancellation
 z - 4 potions of might
 A - 2 potions of ambrosia
 F - 6 potions of curing
 H - 3 potions of berserk rage
 Q - 4 potions of flight {unknown}
 Z - a potion of magic
Miscellaneous
 y - a lightning rod (4/4)
 X - a condenser vane


   Skills:
 - Level 15.0 Fighting
 - Level 14.0 Polearms
 - Level 2.0 Throwing
 - Level 12.2 Armour
 - Level 15.0 Dodging
 + Level 14.2 Shields
 + Level 8.8 Invocations
 + Level 4.6 Evocations


You had 16 spell levels left.
You didn't know any spells.
Your spell library contained the following spells:

 Spells                   Type           Power      Damage    Failure   Level
 Beastly Appendage        Tmut           0%         N/A       100%        1
 Foxfire                  Conj/Fire      0%         2x1d4     100%        1
 Necrotise                Necr           0%         1d4       100%        1
 Sandblast                Erth           0%         2d4       100%        1
 Shock                    Conj/Air       0%         1d3       100%        1
 Ensorcelled Hibernation  Hex/Ice        0%         N/A       100%        2
 Passwall                 Tmut/Erth      0%         N/A       100%        2
 Static Discharge         Conj/Air       0%         3-3/arc   100%        2
 Wereblood                Tmut           0%         N/A       100%        2
 Call Canine Familiar     Summ           0%         N/A       100%        3
 Confusing Touch          Hex            0%         N/A       100%        3
 Conjure Flame            Conj/Fire      0%         6-21      100%        3
 Dazzling Flash           Conj/Hex       0%         N/A       100%        3
 Frozen Ramparts          Ice            0%         1d1       100%        3
 Gell's Gravitas          Tloc           0%         N/A       100%        3
 Inner Flame              Hex/Fire       0%         N/A       100%        3
 Lesser Beckoning         Tloc           0%         N/A       100%        3
 Portal Projectile        Hex/Tloc       0%         N/A       100%        3
 Spider Form              Tmut/Pois      0%         N/A       100%        3
 Stone Arrow              Conj/Erth      0%         3d7       100%        3
 Swiftness                Air            0%         N/A       100%        3
 Teleport Other           Tloc           0%         N/A       100%        3
 Vampiric Draining        Necr           0%         2d6       100%        3
 Airstrike                Air            0%         2d(0-16)  100%        4
 Animate Armour           Summ/Erth      0%         N/A       100%        4
 Flame Wave               Conj/Fire      0%         2d4       100%        4
 Ice Form                 Ice/Tmut       0%         N/A       100%        4
 Iskenderun's Mystic Bla  Conj/Tloc      0%         2d3       100%        4
 Leda's Liquefaction      Hex/Erth       0%         N/A       100%        4
 Summon Ice Beast         Ice/Summ       0%         N/A       100%        4
 Agony                    Necr           0%         N/A       100%        5
 Blade Hands              Tmut           0%         N/A       100%        5
 Freezing Cloud           Conj/Ice/Air   0%         6-21      100%        5
 Irradiate                Conj/Tmut      0%         3d11      100%        5
 Lightning Bolt           Conj/Air       0%         1d11      100%        5
 Summon Mana Viper        Hex/Summ       0%         N/A       100%        5
 Yara's Violent Unravell  Hex/Tmut       0%         3d3       100%        5
 Simulacrum               Ice/Necr       0%         N/A       100%        6
 Starburst                Conj/Fire      0%         6d3       100%        6
 Dragon Form              Tmut           0%         N/A       100%        7
 Enfeeble                 Hex            0%         N/A       100%        7
 Monstrous Menagerie      Summ           0%         N/A       100%        7
 Lehudib's Crystal Spear  Conj/Erth      0%         10d2      100%        8
 Maxwell's Capacitive Co  Air            0%         ∞         100%        8
 Polar Vortex             Ice            0%         N/A       100%        9


Dungeon Overview and Level Annotations

Branches:
Dungeon (15/15)            Temple (0/1) D:5            Lair (5/5) D:11
  Swamp (3/4) Lair:3       Spider (0/4) Lair:3        Slime (0/5) Lair:4
    Orc (2/2) D:12            Elf (0/3) Orc:2        Vaults (0/5) D:13
 Depths (0/4) D:15        Gauntlet (visited)

Altars:
Cheibriados
Elyvilon
Gozag
Hepliaklqana
Makhleb
Trog
The Shining One

Shops:
D:2 !   D:3 ?   Orc:2 =(:*:

Annotations:
Lair:1 3 runed translucent doors, knorpule3000's ghost, adept DrFE
Lair:4 1 runed translucent door
Orc:1 3 runed translucent doors, Axelsxxd's ghost, journeyman DgGl


Innate Abilities, Weirdness & Mutations

((You are very nimble when in or above water. (Stealth+, EV+, Speed+++)))
Your lower body shifts to a powerful aquatic tail in water.


Message History

Your ufetubus splashes around in the water.
Your ufetubus barely misses the spriggan berserker.
Your ufetubus misses the spriggan berserker.
The spriggan air mage casts a spell at you.
The bolt of lightning hits you!!
* * * LOW HITPOINT WARNING * * *
The mangrove smoulders and burns.
The spriggan berserker hits your ynoxinul with a +2 antimagic rapier!!
Your ynoxinul's magic leaks into the air.
Your orange demon completely misses the spriggan air mage.
Your ynoxinul closely misses the spriggan berserker.
Your ufetubus closely misses the spriggan berserker. x2
Your ufetubus misses the spriggan berserker.
Your ufetubus splashes around in the water.
Your ufetubus closely misses the spriggan berserker.
Your ufetubus barely misses the spriggan berserker.
Unknown command.
Unknown command.
Unknown command.
Unknown command.
You feel less invigorated.
You feel less confused.
Your bunyip completely misses the spriggan air mage.
Your bunyip claws the spriggan air mage!!!
Your bunyip claws the spriggan air mage.
The spriggan berserker hits your ynoxinul with a +2 antimagic rapier!!
Your ynoxinul dies!
Your ynoxinul disappears in a puff of smoke!
Your ufetubus disappears in a puff of smoke! x5
Your orange demon stings the spriggan air mage!
The spriggan air mage dies!
Makhleb accepts your kill.
Unknown command.
Unknown command.
A red film seems to cover your vision as you go berserk!
You feel yourself moving faster!
You feel mighty!
Your orange demon completely misses the spriggan berserker.
Your orange demon hits the spriggan berserker.
The spriggan berserker hits you with a +2 antimagic rapier!!
You die...

~~~~~[♣♣ ♣♣.~~i.~
~~~~~~~♣ ♣~~~~~Y♣
~~~~~~♣♣ ♣~~~~~.♣
§.~♣♣♣♣♣♣♣)~~~~.♣
♣♣♣♣♣♣ ♣~..§~~.~♣
.~...♣♣♣♣.~~~§.♣
~§~~.~~~♣~~~~..♣
~~~~.♣♣♣♣♣...i♣♣♣♣♣
.....♣♣......x[.@~♣
..~.~.~..~~.§§4i~.§♣
....~~~....~!.[§~~♣♣
♣~....~~.....♣♣♣♣♣♣
♣♣.÷~~.~..~.~♣♣♣♣♣♣
~.~~~§~~~~§.~♣♣~~~♣
.~~~~~~~~....~♣~~.♣
.~~~...~..~~§....~♣
~~..~♣♣.~~~~~..~♣♣♣


You could see a spriggan rider, a spriggan berserker (berserk, ally target), a
friendly bunyip (summoned, strong) and a friendly orange demon (summoned).

Vanquished Creatures
  A tentacled monstrosity (Swamp:1)
  12 slime creatures
  4 ghouls (Swamp:1)
  An eleionoma (Swamp:2)
  A bunyip (Swamp:1)
  A minotaur (Gauntlet)
  An ettin (Orc:2)
  4 vault guards
  A rakshasa (D:15)
  14 hydras
  2 ghost crabs (Swamp:3)
  A death knight (D:14)
  Erolcha (D:13)
  2 boulder beetles (D:15)
  6 alligators
  12 two-headed ogres
  3 centaur warriors
  An orc high priest (Orc:1)
  7 death yaks
  A tengu warrior (D:13)
  Nergalle (Lair:3)
  A fire crab (Gauntlet)
  3 skeletal warriors (D:12)
  2 deep trolls (Orc:2)
  3 goliath frogs
  4 spriggan druids
  Lodul (D:12)
  3 bog bodies
  A wizard (D:15)
  A swamp dragon (Swamp:2)
  A lindwurm (Lair:1)
  3 deep elf pyromancers
  A necromancer (D:15)
  4 orc knights
  2 orc sorcerers
  8 ugly things (D:14)
  15 elephants
  12 cyclopes
  3 manticores
  A will-o-the-wisp (Swamp:3)
  3 black mambas
  A centaur zombie (D:15)
  2 naga magi (D:15)
  11 cane toads
  A smoke demon (Gauntlet)
  Maggie (D:8)
  4 torpor snails
  8 komodo dragons
  2 centaur skeletons (D:15)
  5 rime drakes
  2 efreet
  A red devil (Gauntlet)
  5 burning bushes (Lair:3)
  14 trolls
  4 polar bears
  5 tyrant leeches
  A wolf spider simulacrum (D:15)
  5 hornets
  16 blink frogs
  5 dream sheep (Lair:5)
  A centaur simulacrum (D:14)
  4 shadows
  8 wyverns
  33 yaks
  10 spriggans
  2 fire bats (Gauntlet)
  4 steam dragons
  8 humans
  12 basilisks
  A golden eye (shapeshifter) (D:15)
  7 vampire mosquitoes
  4 wargs
  5 swamp worms
  Menkaure (D:4)
  5 acid dragons
  9 water moccasins
  4 swamp drakes
  22 orc warriors
  An ice beast (D:7)
  A sky beast (D:6)
  A hornet zombie (D:15)
  31 ogres
  3 black bears
  6 wolves
  4 centaurs
  3 kobold brigands
  2 phantoms
  13 bullfrogs
  A necrophage (D:4)
  A gnoll sergeant (D:9)
  2 scorpions
  20 wights
  9 killer bees
  5 howler monkeys
  2 jellies
  2 crimson imps (Gauntlet)
  A lava snake (D:8)
  2 hounds
  2 gnoll boudas
  20 orc priests
  10 iguanas
  22 orc wizards
  6 hell rats (Lair:3)
  Robin (D:3)
  16 gnolls
  8 adders
  3 shadow imps
  5 white imps
  An ufetubus (D:5)
  2 worms
  2 dart slugs (D:1)
  73 orcs
  3 bats
  11 endoplasms
  4 giant cockroaches
  16 goblins
  5 hobgoblins
  6 jackals
  22 kobolds
  3 quokkas
  11 ball pythons
  3 frilled lizards
  7 rats
754 creatures vanquished.

Vanquished Creatures (collateral kills)
  A blizzard demon (Gauntlet)
  A fire dragon (Lair:5)
  2 ogre magi (Orc:2)
  2 hydras (Lair:1)
  A spriggan air mage (Swamp:3)
  A two-headed ogre (Orc:2)
  A spriggan berserker (Swamp:3)
  A swamp dragon (Lair:5)
  2 elephants (Lair:3)
  A rime drake (Lair:5)
  A komodo dragon (Lair:5)
  A troll (Orc:2)
  3 blink frogs
  A water moccasin (Lair:5)
  An ogre (Orc:2)
20 creatures vanquished.

Vanquished Creatures (others)
  2 foxfires (Swamp:3)
  20 fungi
  53 plants
  21 withered plants (Gauntlet)
96 creatures vanquished.

Grand Total: 870 creatures vanquished

Notes
Turn   | Place    | Note
-------+----------+-------------------------------------------
     0 | D:1      | ExZ the Merfolk Gladiator began the quest for the Orb.
     0 | D:1      | Reached XP level 1. HP: 16/16 MP: 1/1
   337 | D:1      | Reached XP level 2. HP: 15/23 MP: 2/2
   758 | D:1      | Reached XP level 3. HP: 29/29 MP: 3/3
  1150 | D:1      | Reached skill level 5 in Dodging
  1215 | D:2      | Reached XP level 4. HP: 36/36 MP: 4/4
  1270 | D:2      | Found Mialan's Distillery.
  1322 | D:2      | Bought a potion of curing for 39 gold pieces
  1322 | D:2      | Bought a potion of curing for 39 gold pieces
  1481 | D:2      | You fall into a shaft and drop 1 floor!
  1501 | D:3      | Noticed Robin
  1532 | D:3      | Killed Robin
  1709 | D:3      | Reached XP level 5. HP: 34/42 MP: 5/5
  2102 | D:3      | Found Caymorikh's Magic Scroll Shop.
  2114 | D:3      | Bought a scroll of fear for 52 gold pieces
  2114 | D:3      | Bought a scroll of identify for 26 gold pieces
  2114 | D:3      | Bought a scroll of identify for 26 gold pieces
  2285 | D:4      | Got the Omnibus of Hoarfrost
  2306 | D:4      | Noticed a phantom
  2325 | D:4      | Killed a phantom
  2326 | D:4      | Reached skill level 5 in Fighting
  2326 | D:4      | Reached XP level 6. HP: 43/51 MP: 6/6
  2563 | D:4      | Reached skill level 1 in Armour
  2756 | D:4      | Found a snail-covered altar of Cheibriados.
  2775 | D:4      | Found a burning altar of Makhleb.
  2775 | D:4      | Noticed Menkaure
  2963 | D:3      | Reached XP level 7. HP: 52/59 MP: 7/7
  3043 | D:4      | Found a white marble altar of Elyvilon.
  3516 | D:4      | Became a worshipper of Makhleb the Destroyer
  3565 | D:4      | Killed Menkaure
  3832 | D:5      | Entered Level 5 of the Dungeon
  3832 | D:5      | Found a staircase to the Ecumenical Temple.
  4226 | D:5      | Reached skill level 5 in Polearms
  4226 | D:5      | Reached XP level 8. HP: 67/67 MP: 8/8
  5614 | D:6      | Reached skill level 1 in Shields
  5952 | D:5      | Reached XP level 9. HP: 20/75 MP: 9/9
  6385 | D:6      | Reached * piety under Makhleb
  6834 | D:6      | Reached skill level 1 in Invocations
  7690 | D:7      | Found a glowing golden altar of the Shining One.
  8271 | D:8      | Noticed Maggie
  8288 | D:8      | Killed Maggie
  8359 | D:8      | Reached XP level 10. HP: 81/83 MP: 12/12
  8449 | D:8      | Reached ** piety under Makhleb
  9279 | D:8      | Found a hazy altar of Hepliaklqana.
  9477 | D:8      | Reached skill level 10 in Fighting
  9477 | D:8      | Reached skill level 5 in Shields
 10307 | D:9      | Reached skill level 5 in Invocations
 10574 | D:9      | Identified the +2 pair of boots of the Dungeon {SInv}
 10787 | D:2      | Bought 2 potions of might for 104 gold pieces
 10787 | D:2      | Bought 2 potions of berserk rage for 130 gold pieces
 11112 | D:9      | Noticed a two-headed ogre
 11143 | D:9      | Killed a two-headed ogre
 11144 | D:9      | Reached skill level 5 in Armour
 11147 | D:9      | Reached *** piety under Makhleb
 11442 | D:10     | Entered Level 10 of the Dungeon
 11472 | D:10     | Noticed a two-headed ogre
 12251 | D:10     | Reached XP level 11. HP: 65/90 MP: 14/14
 12368 | D:10     | Identified the +0 leather armour of the Other World
                  | {Rampage}
 12406 | D:10     | Found an opulent altar of Gozag.
 12409 | D:10     | Found a bloodstained altar of Trog.
 12649 | D:10     | Identified a scroll of acquirement
 12650 | D:10     | Acquired a +2 demon trident of draining
 12845 | D:3      | Bought a scroll of enchant weapon for 97 gold pieces
 13034 | D:11     | Noticed a manticore
 13039 | D:11     | Killed a manticore
 13374 | D:11     | Noticed a cyclops
 13380 | D:11     | Killed a cyclops
 13838 | D:11     | Found a staircase to the Lair.
 14248 | Lair:1   | Entered Level 1 of the Lair of Beasts
 14342 | Lair:1   | Noticed a five-headed hydra
 14371 | Lair:1   | Noticed a five-headed hydra
 14379 | Lair:1   | Killed a five-headed hydra
 14703 | D:11     | Killed a five-headed hydra
 14950 | Lair:1   | Reached skill level 10 in Polearms
 14985 | Lair:1   | Reached XP level 12. HP: 97/97 MP: 15/15
 15116 | Lair:1   | You fall into a shaft and drop 1 floor!
 16132 | Lair:1   | Identified the +0 robe of Lucidity {rN+ Int+3 Dex+2}
 16379 | Lair:1   | Noticed a seven-headed hydra
 16601 | Lair:1   | Found a runed translucent gate.
 16602 | Lair:1   | Found a runed translucent gate.
 16602 | Lair:1   | Found a runed translucent gate.
 16603 | Lair:1   | Noticed knorpule3000's ghost (adept DrFE)
 16743 | Lair:1   | Killed a seven-headed hydra
 16854 | Lair:1   | Reached XP level 13. HP: 106/106 MP: 18/18
 17822 | Lair:3   | Found a staircase to the Swamp.
 17949 | Lair:3   | Reached **** piety under Makhleb
 18009 | Lair:3   | Found a hole to the Spider Nest.
 18065 | Lair:3   | Noticed Nergalle
 18082 | Lair:3   | Killed Nergalle
 18954 | Lair:3   | Reached skill level 15 in Fighting
 19118 | Lair:4   | Reached skill level 10 in Shields
 19123 | Lair:4   | Reached XP level 14. HP: 120/123 MP: 19/19
 19326 | Lair:4   | Found a runed translucent door.
 19329 | Lair:4   | Found a staircase to the Slime Pits.
 19329 | Lair:4   | Noticed an acid blob
 19329 | Lair:4   | Noticed an acid blob
 19395 | Lair:4   | Found a runed translucent door.
 19854 | Lair:5   | Entered Level 5 of the Lair of Beasts
 20066 | Lair:5   | Reached ***** piety under Makhleb
 21317 | Lair:5   | Reached skill level 10 in Dodging
 21788 | D:12     | Identified the +4 hand axe "Waighad" {drain, rN++}
 22143 | D:12     | Noticed Lodul
 22168 | D:12     | Killed Lodul
 22300 | D:12     | Found a staircase to the Orcish Mines.
 22366 | Orc:1    | Entered Level 1 of the Orcish Mines
 22652 | Orc:2    | Entered Level 2 of the Orcish Mines
 22694 | Orc:1    | Noticed Axelsxxd's ghost (journeyman DgGl)
 22694 | Orc:1    | Found a runed translucent gate.
 22694 | Orc:1    | Found a runed translucent gate.
 22694 | Orc:1    | Found a runed translucent gate.
 23085 | Orc:2    | Found Sizut's Assorted Antiques.
 23109 | Orc:2    | Reached XP level 15. HP: 63/129 MP: 20/20
 23129 | Orc:2    | Reached skill level 10 in Armour
 23132 | Orc:2    | Found a staircase to the Elven Halls.
 23268 | Orc:2    | Found Soysiosh's Book Emporium.
 23274 | Orc:2    | Found Tateal's Antique Weapon Shop.
 23275 | Orc:2    | Found Wiacica's Jewellery Boutique.
 23799 | Orc:2    | Found Akalih's Book Shoppe.
 23971 | Orc:2    | Bought a scroll of enchant armour for 180 gold pieces
 23971 | Orc:2    | Bought 2 potions of cancellation for 384 gold pieces
 23971 | Orc:2    | Bought a potion of mutation for 192 gold pieces
 23974 | Orc:2    | Upgraded the game from 0.29.0-5-ge4962eb29e to
                  | 0.29.0-7-g18a832c13a
 24000 | Orc:1    | Identified the +2 steam dragon scales "Jurchot" {Stlth+}
 24000 | Orc:1    | Identified the +4 mace "Luwer" {freeze, rElec rC+ Will+
                  | Dex+4}
 24495 | D:13     | Reached ****** piety under Makhleb
 24790 | D:13     | Noticed Erolcha
 24795 | D:13     | Killed Erolcha
 24952 | D:13     | Found a gate to the Vaults.
 24961 | D:13     | Identified the +6 tower shield "Ryihegh" {-Tele rPois rN+
                  | Stlth+}
 25659 | D:14     | Reached XP level 16. HP: 136/136 MP: 21/21
 25904 | D:14     | Acquired the +2 pair of boots of Wupeoz {rPois Will+++
                  | Int+4 Dex-4}
 26036 | D:15     | Entered Level 15 of the Dungeon
 26114 | D:15     | Found a gate leading to a gauntlet.
 26118 | Gauntlet | Entered a Gauntlet
 26118 | Gauntlet | Found a transporter.
 26308 | Gauntlet | Found a transporter.
 26323 | Gauntlet | Found a transporter.
 26328 | Gauntlet | Found a transporter.
 26345 | Gauntlet | Found a transporter.
 26363 | Gauntlet | Found a transporter.
 26375 | Gauntlet | Found a transporter.
 26381 | Gauntlet | Found a transporter.
 26392 | Gauntlet | Found a large runed translucent door.
 26393 | Gauntlet | Found a large runed translucent door.
 26394 | Gauntlet | Found a large runed translucent door.
 26394 | Gauntlet | Found a large runed translucent door.
 26395 | Gauntlet | Found a runed translucent gate.
 26396 | Gauntlet | Found a transporter.
 26396 | Gauntlet | Found a runed translucent gate.
 26397 | Gauntlet | Found a runed translucent gate.
 26398 | Gauntlet | Found a large runed translucent door.
 26398 | Gauntlet | Found a large runed translucent door.
 26399 | Gauntlet | Found a large runed translucent door.
 26400 | Gauntlet | Found a large runed translucent door.
 26408 | Gauntlet | Found a transporter.
 26420 | Gauntlet | Found a transporter.
 26426 | Gauntlet | Found a transporter.
 26426 | Gauntlet | Found a transporter.
 26465 | Gauntlet | Found a transporter.
 26492 | Gauntlet | Found a transporter.
 26510 | Gauntlet | Found a transporter.
 26512 | Gauntlet | Found a transporter.
 26598 | Gauntlet | Found a large runed translucent door.
 26598 | Gauntlet | Found a large runed translucent door.
 26598 | Gauntlet | Found a runed translucent door.
 26598 | Gauntlet | Found a runed translucent door.
 26599 | Gauntlet | Found a large runed translucent door.
 26600 | Gauntlet | Found a large runed translucent door.
 26602 | Gauntlet | Found a transporter.
 26618 | Gauntlet | Found a large runed translucent door.
 26618 | Gauntlet | Found a large runed translucent door.
 26619 | Gauntlet | Found a large runed translucent door.
 26620 | Gauntlet | Found a large runed translucent door.
 27019 | Gauntlet | Identified the +1 helmet of the Game Afoot {rPois rF-
                  | Will+++ Regen+}
 27923 | D:15     | Found a staircase to the Depths.
 28222 | Swamp:1  | Entered Level 1 of the Swamp
 28255 | Swamp:1  | Reached skill level 1 in Evocations
 29055 | Swamp:2  | Noticed a tentacled monstrosity
 29077 | Swamp:1  | Killed a tentacled monstrosity
 29435 | Swamp:2  | Identified the +3 trident of True Grit {vamp, rCorr Str+2
                  | Int+2 Dex-2}
 30046 | Swamp:3  | Reached skill level 15 in Dodging
 30195 | Swamp:3  | Reached XP level 17. HP: 135/142 MP: 23/23
 30302 | Swamp:3  | Mangled by a spriggan berserker

Illustrated notes

Levels and vault maps discovered:
D:1:      elethiomel_arrival_maze, layout_rooms, serial_glass, glass_columns_a,
          glass_columns_b, minmay_box_of_dots
D:2:      layout_rooms, serial_shops, shop_coins
D:3:      layout_rooms, serial_shops, nicolae_lakefront_shop, uniq_robin
D:4:      layout_loops_ring, lemuel_crystal_altar,
          mainiacjoe_overflow_large_starburst, uniq_menkaure
D:5:      layout_cave_pools, minmay_temple_entry_trees
D:6:      layout_basic, nicolae_ossuary_entry_ruins
D:7:      layout_basic, kennysheep_mini, chequers_serial_rivers_micro_a
D:8:      layout_basic, nicolae_hepliaklqana_hazy_memory,
          kennysheep_opposing_triangles, uniq_maggie
D:9:      layout_irregular_city, st_stairs_11
D:10:     layout_cave_pools, chequers_temple_overflow_statue_of_worship
D:11:     layout_irregular_city, erik_lair_dragon
D:12:     layout_rooms, david_orc_3, uniq_lodul
D:13:     layout_rooms, ximxim_vaults_locker_room, grunt_ministairs_5,
          serial_bayou_pond_d, uniq_erolcha
D:14:     argonaut_augean_stables, layout_long_grid, kennysheep_cross_room
D:15:     grunt_enter_depths_magical_seal, layout_loops_ring,
          gauntlet_entry_generic, columned_hall_lemuel
Lair:1:   layout_chaotic_city, gammafunk_ghost_necromancy,
          minmay_shattered_shrine, grunt_megastairs_5, lemuel_fruit_fields
Lair:2:   layout_long_grid, cheibrodos_lair_caveside_slide, minivault_26
Lair:3:   layout_roguey [special_room_mythical_zoo], swamp_mist,
          dummy_spider_entry, evilmike_ambush [evilmike_ambush_outer_basic,
          evilmike_ambush_inner_wall_1], uniq_nergalle
Lair:4:   layout_gridlike, slime_entry_2, pf_torpor_hydra
Lair:5:   guppyfry_lair_end_dragon, layout_loops_ring, grunt_megastairs_2
Swamp:1:  layout_basic_swamp, evilmike_swamp_ruin_house_2
Swamp:2:  nicolae_swamp_ascending_descending, layout_basic_swamp,
          evilmike_swamp_ruin_house_3
Swamp:3:  layout_basic_swamp, evilmike_swamp_ruin_house_1
Orc:1:    layout_caves, biasface_ghost_orc_armoury
Orc:2:    st_orc_open, layout_caves, special_room, serial_shops, shop,
          mines2_david

Skill      XL: |  1  2  3  4  5  6  7  8  9 10 11 12 13 14 15 16 |
---------------+-------------------------------------------------+-----
Fighting       | 3 4 5 6 7 8 9 10 11 15 | 15.0
Dodging        | 5 6 8 9 11 13 15 | 15.0
Armour         | 1 2 3 5 7 9 11 12 | 12.2
Polearms       | 5 7 10 12 14 | 14.0
Shields        | 1 4 7 9 10 11 12 14 | 14.2
Invocations    | 3 5 7 8 |  8.8
Evocations     | 4 |  4.6
Throwing       | |  2.0

Action                   |  1- 3 |  4- 6 |  7- 9 | 10-12 | 13-15 | 16-18 || total
-------------------------+-------+-------+-------+-------+-------+-------++-------
Melee: Trident           |   123 |   168 |   232 |       |       |       ||   523
       Punch             |       |     2 |     4 |       |       |       ||     6
       Spear             |       |       |   281 |   349 |       |       ||   630
       Demon trident     |       |       |       |   364 |  1187 |   500 ||  2051
       Tailslap          |       |       |       |       |     4 |    11 ||    15
Throw: Dart              |       |     2 |     2 |     1 |       |       ||     5
       Throwing net      |       |       |       |     1 |       |       ||     1
Invok: Minor Destruction |       |       |       |     4 |       |       ||     4
       Lesser Servant of |       |       |       |     9 |    13 |     9 ||    31
       Major Destruction |       |       |       |       |     6 |     8 ||    14
Evoke: Wand              |       |       |     6 |     9 |     2 |     1 ||    18
  Use: Scroll            |       |     3 |     4 |    10 |    18 |     6 ||    41
       Potion            |       |     4 |     2 |     3 |     8 |    11 ||    28
 Stab: Sleeping          |       |     3 |     4 |     1 |       |       ||     8
       Paralysed         |       |       |    26 |       |       |       ||    26
       Invisible         |       |       |     1 |       |       |       ||     1
       Distracted        |       |       |       |       |     1 |       ||     1
Armor: Leather armour    |    19 |    44 |    90 |       |       |       ||   153
       Ring mail         |    27 |    10 |       |       |       |       ||    37
       Chain mail        |       |       |    15 |       |       |       ||    15
       Steam dragon scal |       |       |     4 |    51 |       |       ||    55
       Plate armour      |       |       |       |   170 |   318 |   110 ||   598
Dodge: Dodged            |    93 |   101 |   176 |   184 |   213 |    84 ||   851
Block: Other             |       |     7 |    47 |       |       |       ||    54
       Tower shield      |       |       |   198 |   771 |  1051 |   533 ||  2553
       Reflection        |       |       |     8 |    17 |    39 |    21 ||    85
